[Event "Early-Titled-Tuesday-Blitz-May-14-2024"]
[Site "Chess.com"]
[Date "2024.05.14"]
[Round "8"]
[White "KnightDuta"]
[Black "Sosat98"]
[Result "1-0"]
[WhiteElo "2745"]
[BlackElo "2751"]
[TimeControl "180+1"]
[EndTime "9:31:38 PDT"]
[Termination "KnightDuta won by resignation"]

1. e4 c5 2. Nf3 d6 3. d4 cxd4 4. Nxd4 Nf6 5. Nc3 g6 6. Be3 a6 7. f3 h5 8. Qd2 Bg7 9. O-O-O b5 10. Kb1 Bb7 11. Nb3 Nbd7 12. Be2 Rc8 13. h4 Ne5 14. Nd5 Nxd5 15. exd5 O-O 16. Bd4 Bxd5 17. g4 Nxf3 18. Bxf3 Bxf3 19. Bxg7 Kxg7 20. gxh5 Bxd1 21. Rxd1 Rh8 22.
hxg6 fxg6 23. Rg1 e5 24. Qg2 Qf6 25. h5 g5 26. h6+ Kxh6 27. Rf1 Qg6 28. Qh3+ Qh5 29.
Qe6+ Kg7 30. Qd7+ Kh6 31. Rf6+ Qg6 32. Rxg6+ Kxg6 33. Qxd6+ Kf5 34. a3 g4 35. Qd3+ e4 36.
Qd5+ Kf4 37. Qf7+ Kg3 38. Qe6 Rce8 39. Qd6+ Kg2 40. Nd4 e3 41. Ne2 Rh3 42. Nf4+ Kf2 43. Nd3+ Ke2 44. Qc6 Rf8 45. Qc3 Kf3 46. Ne5+ Kg2 47.
Qc6+ Kh2 48. Ng6 Rf1+ 49. Ka2 Rhf3 50. Ne5 g3 51. Nxf3+ Rxf3 52. Qxf3 g2 53. Qe2 Kh1 54. Qh5+ Kg1 55. Qf3 Kh2 56. Qxe3 g1=Q 57. Qxg1+ Kxg1 58. b3 Kf2 59. c4 bxc4 60. bxc4 Ke3 61. c5 Kd4 62. c6 1-0

[Event "Early-Titled-Tuesday-Blitz-May-14-2024"]
[Site "Chess.com"]
[Date "2024.05.14"]
[Round "8"]
[White "DonkyDonkyDonkey"]
[Black "DenLaz"]
[Result "1/2-1/2"]
[WhiteElo "2921"]
[BlackElo "3115"]
[TimeControl "180+1"]
[EndTime "9:31:39 PDT"]
[Termination "Game drawn - insufficient material"]

1. e4 c5 2. Nf3 e6 3. c3 d5 4.
e5 d4 5. d3 Nc6 6. g3 dxc3 7. bxc3 Nge7 8. Bg2 b6 9. O-O Bb7 10.
Na3 Nd5 11. Bd2 Be7 12. h4 O-O 13. Qe2 h6 14. Rad1 Qd7 15. Nc4 b5 16. Ne3 Nxe3 17.
Bxe3 b4 18. cxb4 Nxb4 19. Rfe1 Rfd8 20. d4 c4 21. Qxc4 Bd5 22. Qe2 Nxa2 23. Ra1 Nc3 24. Qd2 Bb4 25. Bxh6 gxh6 26. Qxh6 Bf8 27. Qg5+ Bg7 28.
h5 Kh7 29. Qd2 Rac8 30. Ng5+ Kh8 31. Qd3 f5 32. exf6 Bxf6 33. Bxd5 Nxd5 34. Nxe6 Re8 35. Qf5 Rc6 36. Ra5 Rcxe6 37. Rxe6 Rxe6 38. Qxd5 Qxd5 39. Rxd5 Re4 40. Rd6 Bxd4 41. Kg2 Bb6 42. f4 Rb4 43. Kf3 a5 44. g4 a4 45. Rd2 a3 46. Ra2 Rb3+ 47. Ke4 Bc5 48. Rc2 Rb4+ 49. Kf5 Ra4 50. Rxc5 a2 51. Rc8+ Kg7 52. Rc7+ Kf8 53. Rc8+ Ke7 54.
Rc7+ Kd6 55. Rc1 a1=Q 56. Rxa1 Rxa1 57. Kf6 Ra4 58. h6 Rxf4+ 59. Kg5 Rf1 60. h7 Rh1 61. Kg6 Ke5 62. Kg7 Kf4 63. h8=Q Rxh8 64. Kxh8 Kxg4 1/2-1/2

[Event "Early-Titled-Tuesday-Blitz-May-14-2024"]
[Site "Chess.com"]
[Date "2024.05.14"]
[Round "8"]
[White "rpragchess"]
[Black "Hikaru"]
[Result "0-1"]
[WhiteElo "3109"]
[BlackElo "3228"]
[TimeControl "180+1"]
[EndTime "9:31:40 PDT"]
[Termination "Hikaru won by checkmate"]

1. Nf3 Nf6 2. g3 d5 3. Bg2 Nbd7 4. d4 Nb6 5. Nc3 Bf5 6. Nh4 Bg4 7. a4 e6 8. h3 Bh5 9. a5 Nc4 10. a6 b6 11. g4 Bg6 12. Nxg6 hxg6 13. g5 Ng8 14. e4 Bb4 15. Qd3 c6 16. O-O Ne7 17. Ne2 Bd6 18. b3 Na5 19. Bd2 Bc7 20. c4 O-O 21. Rfc1 Rb8 22. Rc2 dxc4 23. bxc4 c5 24.
d5 Nac6 25. Rd1 e5 26. Rb2 Nd4 27. h4 Bd6 28. Bh3 Qe8 29. Nc3 f5 30. gxf6 Rxf6 31.
Bg4 Kh8 32. Bg5 Rf8 33. Kg2 Ng8 34. Rh1 Nf6 35. Qh3 Nh5 36. Ne2 Qf7 37. Nxd4 exd4 38. Be6 Nf4+ 39. Bxf4 Qxf4 40. h5 g5 41. Bf5 Rbe8 42.
f3 Rf6 43. Bg6 Ref8 44. Bf5 Rh6 45. Qg4 Qe3 46. Rd1 d3 47. Rbd2 Bf4 48. Rf2 Qd4 49.
Bg6 d2 50. Re2 Qxc4 51. Rf2 Qd4 52. Rff1 c4 53. Qd7 c3 54. Qe7 Qf6 55. Qa3 c2 56. e5 cxd1=Q 57. exf6 Qxf1+ 58. Kxf1 d1=Q+ 59. Kg2 Qe2+ 60. Kg1 Be3+ 61. Kh1 Qf1+ 62. Kh2 Bf4# 0-1

[Event "Early-Titled-Tuesday-Blitz-May-14-2024"]
[Site "Chess.com"]
[Date "2024.05.14"]
[Round "8"]
[White "GelmanAlexander"]
[Black "Anton_Demchenko"]
[Result "0-1"]
[WhiteElo "2671"]
[BlackElo "2863"]
[TimeControl "180+1"]
[EndTime "9:31:40 PDT"]
[Termination "Anton_Demchenko won on time"]

1. c4 e5 2. e3 d6 3. Nc3 f5 4. d3 Nf6 5. Nf3 Be7 6. Be2 O-O 7. a3 a5 8. Bd2 Nc6 9. Qc2 h6 10. h3 Be6 11. O-O-O Nb4 12. axb4 axb4 13. Nb1 c5 14. g4 fxg4 15. hxg4 Nxg4 16. Rdg1 Qd7 17.
e4 Rf6 18. Nh4 Nxf2 19. Rh2 Nh3 20. Rg3 Nf4 21. Bxf4 exf4 22. Rg1 Ra1 23. Nf5 Bxf5 24. exf5 f3 25. Bxf3 Qxf5 26. Bd5+ Kh8 27. Qe2 Rg6 28. Rf1 Qe5 29. Qxe5 dxe5 30. Kc2 Bf6 31. Bxb7 Rg3 32. Be4 Kg8 33. Nd2 Rxf1 34. Nxf1 Rg1 35. Ne3 Kf7 36. Nd5 Bg5 37. Rf2+ Ke6 38. Nc7+ Kd6 39. Nb5+ Ke7 40. Bd5 Be3 41. Rf7+ Kd8 42. Bc6 Rc1+ 43. Kb3 Rd1 44. Nd6 Rxd3+ 45. Ka4 Rxd6 46. Bd5 Bd4 47. Rxg7 Rd7 48.
Rg8+ Kc7 49. b3 Rh7 50. Ra8 Rd7 51. Rh8 Kb6 52. Rxh6+ Kc7 53. Rc6+ Kd8 54. Re6 Re7 55. Rd6+ Ke8 56. Kb5 e4 57. Re6 e3 58. Rxe7+ Kxe7 59. Bf3 Kd6 60. Kb6 Ke5 61. Kc6 Kf4 62. Be2 Kg3 63. Bd3 Kf2 64. Kd5 e2 65. Ke4 e1=Q+ 0-1

[Event "Early-Titled-Tuesday-Blitz-May-14-2024"]
[Site "Chess.com"]
[Date "2024.05.14"]
[Round "8"]
[White "HandKnit"]
[Black "jasrom"]
[Result "1-0"]
[WhiteElo "2501"]
[BlackElo "2344"]
[TimeControl "180+1"]
[EndTime "9:31:41 PDT"]
[Termination "HandKnit won on time"]

1. c4 e6 2. Nc3 d5 3. cxd5 exd5 4. d4 c6 5. Bf4 Bd6 6. Bxd6 Qxd6 7. Qb3 Qe7 8. e3 Nf6 9. Bd3 O-O 10. Nf3 Nbd7 11.
O-O Re8 12. Qc2 Nf8 13. Rab1 Ng6 14. b4 b5 15. a4 a6 16. Ne2 Bd7 17. a5 Rac8 18.
Bxg6 hxg6 19. Ne5 Ne4 20. Nf4 Nd6 21. Nfd3 Nc4 22. Nxd7 Qxd7 23. Nc5 Qa7 24. Rbe1 f5 25. Qd3 Re7 26. f3 Rce8 27. e4 Nb2 28. Qb1 Nc4 29.
Qd3 Nb2 30. Qc2 Nc4 31. e5 Ra8 32. g4 Rf8 33. Rf2 Ree8 34. Kh1 Ra8 35. Rg1 Qf7 36. Qd3 f4 37. g5 Qf5 38. Rg4 Ne3 39. Qxf5 Rxf5 40. Rg1 Kf7 41. h4 Ke7 42. Kh2 Rff8 43. Kh3 Rh8 44. Rg4 Nxg4 45. Kxg4 Rhf8 46. Rh2 Kf7 47. h5 gxh5+ 48. Rxh5 Kg6 49. Rh1 Rfe8 50. Kxf4 Rf8+ 51. Kg4 Rfe8 52. f4 Rf8 53. Ne6 Rf7 54. Rf1 Re8 55. f5+ Rxf5 56. Rxf5 Rxe6 57. Rf8 Re7 58. Rd8 Rf7 59. Rd6+ 1-0

[Event "Early-Titled-Tuesday-Blitz-May-14-2024"]
[Site "Chess.com"]
[Date "2024.05.14"]
[Round "8"]
[White "crescentmoon2411"]
[Black "Aemulus20"]
[Result "1-0"]
[WhiteElo "2856"]
[BlackElo "2657"]
[TimeControl "180+1"]
[EndTime "9:31:42 PDT"]
[Termination "crescentmoon2411 won by checkmate"]

1. d4 Nf6 2. Nf3 g6 3. Bf4 d6 4.
Nc3 Nbd7 5. e4 c5 6. e5 cxd4 7.
exf6 dxc3 8. fxe7 Qxe7+ 9. Be2 cxb2 10. Rb1 Ne5 11. O-O Bg7 12. Bb5+ Bd7 13. Bxe5 dxe5 14. Bxd7+ Qxd7 15. Qxd7+ Kxd7 16. Rxb2 Kc7 17. Rb4 Rad8 18.
Rfb1 b6 19. c4 e4 20. Ng5 Rd4 21. Nxf7 Re8 22. Ng5 Bf8 23. R4b2 Bc5 24. Rc2 e3 25. fxe3 Rxe3 26. Kh1 Red3 27. Ne6+ Kc6 28. Nxd4+ Bxd4 29. g3 a5 30. Kg2 a4 31. Rb4 a3 32. Ra4 Bb2 33.
Ra7 h5 34. Re7 Rd6 35. Re3 Kc5 36. Rb3 Re6 37. Rb5+ Kd4 38. Rd5+ Ke3 39. Rd1 Rc6 40. h4 Rc5 41. Rd5 Rc6 42. c5 Ke4 43. Rd6 Rxc5 44. Rxc5 bxc5 45. Rxg6 c4 46. Kf2 Kd3 47. Rd6+ Kc2 48.
Ke2 c3 49. Rc6 Kb1 50. Kd3 Ba1 51. Rc5 Bb2 52. Rc4 Ba1 53. Rc6 Bb2 54. Rc8 Ba1 55. Rc6 Bb2 56. Rc4 Ba1 57. Ke2 Bb2 58. Kd1 Kxa2 59.
Kc2 Ka1 60. Rc5 Ka2 61. Rxh5 Ka1 62. Rd5 a2 63. Rd1+ Bc1 64. Rxc1# 1-0

[Event "Early-Titled-Tuesday-Blitz-May-14-2024"]
[Site "Chess.com"]
[Date "2024.05.14"]
[Round "8"]
[White "Doublekk14"]
[Black "agvega14"]
[Result "1-0"]
[WhiteElo "2356"]
[BlackElo "2155"]
[TimeControl "180+1"]
[EndTime "9:31:43 PDT"]
[Termination "Doublekk14 won by resignation"]

1. e4 c5 2. Nf3 a6 3. c3 Nf6 4. Qc2 d6 5. d4 cxd4 6. cxd4 Bg4 7. Be2 Nc6 8. Be3 Rc8 9. Nc3 Bxf3 10. Bxf3 e5 11.
Rd1 Qa5 12. O-O Be7 13. Nd5 O-O 14. Nxe7+ Nxe7 15. Qb3 b5 16. dxe5 dxe5 17. Bg5 Qb6 18. Be3 Qb7 19. Rd6 Ng6 20. Rb6 Qa8 21. Qa3 Rc6 22.
Rxc6 Qxc6 23. Rc1 Qb7 24. Qd3 Nh4 25. Rc5 Ng6 26. Qc2 Qe7 27. b4 Rd8 28. a3 h6 29.
Rc8 Kh7 30. h3 Qd7 31. Rxd8 Qxd8 32. Qd2 Qxd2 33. Bxd2 Ne7 34. Bc3 Nc6 35. Kf1 Nd7 36. Ke2 f6 37. Bg4 Nb6 38. Bf5+ g6 39. Be6 Na4 40. Ba1 Kg7 41. Bd5 Ne7 42. Bb7 Nb6 43. Bxa6 Nc4 44. Bxb5 Nxa3 45. Bd3 Nc6 46. Bb2 Nxb4 47.
Bxa3 Nxd3 48. Kxd3 Kf7 49. Kc4 Ke6 50. Kc5 f5 51. f3 g5 52. Bc1 f4 53. Kc6 h5 54. Kc5 g4 55. hxg4 hxg4 56. Kc4 gxf3 57. gxf3 Kd6 58. Ba3+ Ke6 59. Bb2 Kd6 60. Bc3 Ke6 61. Kc5 Kf6 62. Kd5 Kg5 63. Kxe5 Kh4 64. Kxf4 Kh3 65. e5 Kg2 66. e6 Kf2 67. e7 Ke2 68.
e8=Q+ Kd3 69. Qe3+ Kc2 70. Qd2+ Kb3 71. Bd4 Kc4 72.
Qc3+ Kd5 73. Qc5+ Ke6 74. Qe5+ Kd7 75. Qf6 1-0

[Event "Early-Titled-Tuesday-Blitz-May-14-2024"]
[Site "Chess.com"]
[Date "2024.05.14"]
[Round "8"]
[White "js20000"]
[Black "FaustinoOro"]
[Result "1-0"]
[WhiteElo "2775"]
[BlackElo "2934"]
[TimeControl "180+1"]
[EndTime "9:31:44 PDT"]
[Termination "js20000 won by resignation"]

1. b3 Nf6 2. Bb2 d5 3. g3 Bf5 4. Nf3 e6 5. Bg2 h6 6. c4 Be7 7. O-O O-O 8. d3 Nbd7 9. Nbd2 c6 10. Re1 Bh7 11. Qc2 a5 12. a3 b5 13. Nd4 Qb6 14.
cxb5 cxb5 15. Qc6 Qxc6 16. Nxc6 Bc5 17. b4 axb4 18. axb4 Bb6 19. Nb3 Rfe8 20. Nbd4 Rac8 21. Rec1 Bxd4 22. Bxd4 Kf8 23. Ra7 e5 24. Bc5+ Nxc5 25.
Rxc5 e4 26. d4 e3 27. f3 Bf5 28. Ne5 Be6 29. Nd3 Ra8 30. Rcc7 Rxa7 31. Rxa7 Nd7 32. Ra3 Nb6 33. Nc5 Nc4 34. Ra7 Bf5 35. f4 Rd8 36. Bf3 g5 37. g4 Bc2 38. f5 Nd2 39. Kg2 Rd6 40. Nd7+ Ke8 41. Ne5 f6 42. Ng6 Nb3 43.
Ra8+ Kd7 44. Nf8+ Kc7 45. Ne6+ Kb7 46. Rf8 Kb6 47. Rxf6 Nxd4 48. Rxh6 Bb1 49. Rg6 Nc2 50. Nc5 Rxg6 51. fxg6 Ne1+ 52. Kg3 Nxf3 53. g7 Bh7 54.
Kxf3 d4 55. Ne6 Kc6 56. Nxd4+ Kd5 57. Kxe3 Kc4 58. Ne6 Kxb4 59. Nxg5 Bg8 60. Kd2 Ka3 61. Ne4 b4 62. h4 b3 63. g5 b2 64. Nc3 Kb3 65. h5 Bh7 66. g6 Bg8 67. h6 Be6 68. h7 1-0

[Event "Early-Titled-Tuesday-Blitz-May-14-2024"]
[Site "Chess.com"]
[Date "2024.05.14"]
[Round "8"]
[White "DumbKing75"]
[Black "maximnovik"]
[Result "1-0"]
[WhiteElo "2657"]
[BlackElo "2533"]
[TimeControl "180+1"]
[EndTime "9:31:45 PDT"]
[Termination "DumbKing75 won by resignation"]

1. e4 e5 2. Nf3 Nc6 3. Bb5 a6 4. Bxc6 dxc6 5. O-O f6 6. d4 exd4 7. Nxd4 c5 8. Ne2 Qxd1 9. Rxd1 Be6 10. Nbc3 Rd8 11. Rxd8+ Kxd8 12. Bf4 Kc8 13. Rd1 Ne7 14. Bg3 Ng6 15. Nd5 Ne5 16. f4 Nc4 17. b3 Nd6 18.
Nec3 f5 19. e5 Nf7 20. Bh4 b6 21. Be7 Kb7 22. Bxf8 Rxf8 23. Ne3 Kc6 24. Kf2 Re8 25. g3 Nd8 26. h3 Kb7 27. g4 g6 28. Kg3 Nc6 29.
Ncd5 Nb4 30. Nf6 Rh8 31. a3 Nc6 32. gxf5 gxf5 33. Kh4 Nd4 34. Kh5 Ne2 35. Ng2 a5 36. Kh6 a4 37. Kg7 Ra8 38. Nxh7 axb3 39. cxb3 Bxb3 40. Rd3 c4 41. Re3 Nd4 42. e6 c3 43.
Rxc3 Nxe6+ 44. Kf6 Ba2 45. Ng5 Nd4 46. h4 Nb5 47.
Re3 Nxa3 48. h5 Nc4 49. Re7 Nd6 50. h6 b5 51. h7 b4 52. Ne3 b3 53. Nd1 Bb1 54. Nb2 Ne4+ 55. Nxe4 fxe4 56. Kg7 e3 57. h8=Q Rxh8 58. Kxh8 Kb6 59. Rxe3 Kc5 60. Rxb3 c6 61.
Na4+ Kc4 62. Rxb1 1-0

[Event "Early-Titled-Tuesday-Blitz-May-14-2024"]
[Site "Chess.com"]
[Date "2024.05.14"]
[Round "8"]
[White "urano56"]
[Black "becemix"]
[Result "1/2-1/2"]
[WhiteElo "2436"]
[BlackElo "2591"]
[TimeControl "180+1"]
[EndTime "9:31:45 PDT"]
[Termination "Game drawn by repetition"]

1. e4 e5 2. Nf3 Nc6 3. Bc4 Bc5 4. c3 Nf6 5. d3 O-O 6. O-O d6 7. Bb3 Bb6 8. Nbd2 Ne7 9. Re1 Ng6 10. Nf1 c6 11. Ng3 Re8 12. Be3 Bxe3 13. fxe3 d5 14. exd5 Nxd5 15. Qd2 Bg4 16. Rf1 Be6 17. Ne4 Nf6 18.
Nxf6+ Qxf6 19. Nd4 Qg5 20. Nxe6 fxe6 21. Rae1 Rad8 22.
Qe2 Kh8 23. a4 h5 24. Rf3 h4 25. Rf7 h3 26. g3 Rf8 27. Ref1 Rxf7 28. Rxf7 Rf8 29.
Bxe6 Rxf7 30. Bxf7 a5 31. Be6 Ne7 32. Bxh3 Nd5 33. Bc8 e4 34. dxe4 Nxe3 35. Bxb7 Ng4 36. h4 Qc1+ 37. Kg2 Ne3+ 38. Kf3 Nc2 39. Bxc6 Qh1+ 40.
Kg4 Ne1 41. Qf2 Nd3 42. Qf8+ Kh7 43. Qf5+ Kh8 44. Qc8+ Kh7 45. e5 Nxe5+ 46. Kh5 Qxc6 47. Qxc6 Nxc6 48. Kg5 Ne5 49. Kf5 Nc4 50. b3 Nb2 51. b4 axb4 52. cxb4 Nxa4 53. b5 Kh6 54. g4 Nb6 55. h5 Nd7 56. Ke6 Nb6 57. Kf5 Nc4 58. Ke6 Nb6 59. Kf7 Nd5 60. Ke6 Nb6 1/2-1/2

[Event "Early-Titled-Tuesday-Blitz-May-14-2024"]
[Site "Chess.com"]
[Date "2024.05.14"]
[Round "8"]
[White "stepanosinovsky"]
[Black "Savagelittlemole"]
[Result "0-1"]
[WhiteElo "2320"]
[BlackElo "2478"]
[TimeControl "180+1"]
[EndTime "9:31:46 PDT"]
[Termination "Savagelittlemole won on time"]

1. Nf3 g6 2. g3 Bg7 3. Bg2 e5 4. O-O e4 5. Ne1 d5 6. d3 f5 7. c4 c6 8. cxd5 cxd5 9. dxe4 dxe4 10. Qxd8+ Kxd8 11. f3 Nf6 12. Nc3 exf3 13. Nxf3 Nc6 14. Ng5 Kc7 15. Bf4+ Kb6 16. b4 a6 17. Rab1 Nh5 18.
b5 axb5 19. Nxb5 Nxf4 20. gxf4 Ra5 21. Nd6+ Kc7 22. Ngf7 Rf8 23. Rfc1 Bd4+ 24. Kf1 Be3 25. Rc2 Bc5 26. Nc4 Ra6 27. Nce5 Rb6 28. Rbc1 Be3 29.
Nxc6 Bxc1 30. Nce5+ Kb8 31. Rxc1 Be6 32. Ng5 Rd8 33. Nxe6 Rxe6 34. Rb1 Rd2 35. Rxb7+ Kc8 36.
Rb3 Rxa2 37. Rc3+ Kd8 38. h4 Ra4 39. e3 Rb6 40. Rd3+ Kc8 41. Kf2 Rb2+ 42. Kg3 Raa2 43.
Bf3 Kc7 44. Rc3+ Kd8 45. Rd3+ Ke8 46. Rc3 Rc2 47. Rd3 Rd2 48. Rb3 Rab2 49. Bc6+ Ke7 50. Rxb2 Rxb2 51. Bd5 Re2 52. Kf3 Rh2 53. Kg3 Re2 54.
Bg8 Rxe3+ 55. Kf2 Rh3 56. Bxh7 Kf6 57. Bxg6 Rxh4 58. Kg3 Rh1 59. Be8 Rg1+ 60. Kf2 Rc1 61. Bc6 Rc2+ 62. Kg3 Rc3+ 63. Kf2 Ra3 64. Bf3 Ke6 0-1

[Event "Early-Titled-Tuesday-Blitz-May-14-2024"]
[Site "Chess.com"]
[Date "2024.05.14"]
[Round "8"]
[White "Szparu"]
[Black "rasmussvane"]
[Result "0-1"]
[WhiteElo "2857"]
[BlackElo "2970"]
[TimeControl "180+1"]
[EndTime "9:31:47 PDT"]
[Termination "rasmussvane won by checkmate"]

1. e4 c6 2. d4 d5 3. exd5 cxd5 4.
c4 Nf6 5. Nc3 Nc6 6. Nf3 a6 7.
Ne5 e6 8. Be3 Bd6 9. Nxc6 bxc6 10.
Be2 O-O 11. O-O a5 12. Qc2 Ba6 13. Rac1 dxc4 14. Ne4 Nd5 15. Nxd6 Qxd6 16. Bxc4 Nb4 17. Qb1 Rfc8 18. Bxa6 Rxa6 19. Rc5 h6 20. Rfc1 a4 21. R1c4 Nd5 22. Qc2 Rb8 23. Rxc6 Rxc6 24. Rxc6 Qb4 25.
Rc8+ Rxc8 26. Qxc8+ Kh7 27. Qc2+ f5 28. Kf1 Qb5+ 29. Qe2 Qc6 30. Bd2 Qc2 31. Qxe6 Nf6 32. Qe2 Qxb2 33. Be1 Qb1 34. f3 Nd5 35. Qe5 Nc3 36.
Qe3 Nxa2 37. d5 Qb5+ 38. Qe2 Qxd5 39. Qc2 a3 40. Kf2 Kg6 41. g4 Kf6 42. Kg3 f4+ 43. Kg2 h5 44. Bh4+ Kf7 45. g5 g6 46. Qc7+ Ke6 47.
Qc8+ Kd6 48. Qd8+ Kc6 49. Qc8+ Kb5 50. Qb8+ Kc4 51. Qc7+ Kb3 52. Qb6+ Nb4 53. Be1 Qc4 54. Qxg6 Qc2+ 55. Qxc2+ Nxc2 56. g6 Nxe1+ 57. Kf2 Nd3+ 58. Ke2 a2 59. g7 a1=Q 60. g8=Q+ Kc2 61. Qc4+ Qc3 62.
Qa2+ Nb2 63. Kf2 Qe3+ 64. Kg2 Qe2+ 65. Kg1 Qxf3 66. h4 Qg3+ 67. Kf1 Qxh4 68. Kg2 Qg4+ 69. Kh2 f3 70. Kh1 Qg2# 0-1

[Event "Early-Titled-Tuesday-Blitz-May-14-2024"]
[Site "Chess.com"]
[Date "2024.05.14"]
[Round "8"]
[White "djano"]
[Black "Niktlt"]
[Result "0-1"]
[WhiteElo "2532"]
[BlackElo "2704"]
[TimeControl "180+1"]
[EndTime "9:31:47 PDT"]
[Termination "Niktlt won on time"]

1. e4 c5 2. Nc3 Nc6 3. Bb5 e6 4.
Bxc6 bxc6 5. f4 Ne7 6. Nf3 d6 7.
O-O Ng6 8. d3 Be7 9. Qe1 O-O 10.
Qg3 Bh4 11. Nxh4 Qxh4 12. Qxh4 Nxh4 13. b3 f6 14. e5 fxe5 15. fxe5 Rxf1+ 16. Kxf1 d5 17.
Ba3 c4 18. bxc4 dxc4 19. Ne4 cxd3 20. cxd3 Ba6 21. Rd1 Nf5 22. Bc5 Rb8 23. Rd2 Rb1+ 24. Kf2 h6 25. Bxa7 Kf7 26. Bc5 Bb5 27. Nd6+ Kg6 28. Nxf5 Kxf5 29. Bd6 g5 30. h3 h5 31. Ke3 c5 32. Rf2+ Kg6 33. Bxc5 Rd1 34. Rd2 Re1+ 35. Kd4 Bc6 36. Rf2 Bd5 37. Be7 g4 38. hxg4 hxg4 39. g3 Ra1 40. a3 Rg1 41. Bh4 Ra1 42. Be7 Rg1 43. a4 Rxg3 44. a5 Rg1 45. Rf6+ Kg7 46. Rf4 g3 47. Rg4+ Kf7 48. a6 g2 49. Bc5 Ra1 50.
Kc3 Rxa6 51. Rf4+ Kg6 52. Rf6+ Kg5 53. Rf8 Rc6 54. Kb4 Rc7 55. Rg8+ Kf4 56. d4 Rb7+ 57. Ka5 Ke3 58. Bb6 Rf7 59. Kb4 Kf2 60. Kc5 g1=Q 0-1

[Event "Early-Titled-Tuesday-Blitz-May-14-2024"]
[Site "Chess.com"]
[Date "2024.05.14"]
[Round "8"]
[White "LeoLV10"]
[Black "Pomegranate988"]
[Result "0-1"]
[WhiteElo "2512"]
[BlackElo "2646"]
[TimeControl "180+1"]
[EndTime "9:31:51 PDT"]
[Termination "Pomegranate988 won by resignation"]

1. e4 c6 2. d4 d5 3. e5 Bf5 4.
h4 h5 5. Bd3 Bxd3 6. Qxd3 Qa5+ 7. Nd2 e6 8. Nf3 Nh6 9. O-O Nf5 10. a4 Be7 11. Nb3 Qc7 12. g3 Na6 13. c3 Rc8 14. Bg5 O-O 15. Bxe7 Qxe7 16. Qe2 c5 17. dxc5 Nxc5 18.
Nbd4 Nxd4 19. Nxd4 g6 20. Kg2 a6 21. Rfe1 Nd7 22.
a5 Rc4 23. Qe3 Rfc8 24. Qf4 Nb8 25. Qd2 Nc6 26. Nf3 Re4 27. Qd3 Rg4 28. Ng5 d4 29. f3 Rxg5 30. hxg5 dxc3 31. Qxc3 Qxg5 32. f4 Qg4 33. Qf3 Qf5 34. Rad1 Nxa5 35. Re2 Rc2 36.
Rdd2 Rxd2 37. Rxd2 Nc6 38. Qd3 Qg4 39. Qf3 Qf5 40. Kh2 Kg7 41. Qe3 Nb4 42. Qb6 Nd5 43. Qxb7 h4 44. Qb3 hxg3+ 45. Qxg3 Nxf4 46. Kg1 g5 47. Kh2 Qxe5 48. Rf2 Kg6 49. Rg2 Qf5 50. Rf2 e5 51. Qe3 Qg4 52. Qb6+ f6 53. Qe3 Qh4+ 54. Kg1 Nh3+ 55. Kg2 Nxf2 56. Qxf2 Qxf2+ 57. Kxf2 g4 58. Kg3 f5 59. Kh4 f4 60. Kxg4 Kf6 61. Kf3 Ke6 62.
Ke4 Kd6 63. b4 Kc6 64. Kf3 Kb5 65. Ke4 Kxb4 66. Kxe5 a5 67. Kxf4 a4 68. Ke3 a3 69.
Kd2 a2 70. Kc2 a1=Q 71. Kd2 Qc3+ 72. Kd1 Kc4 73. Ke2 Kd4 74. Kd1 Ke4 75. Ke2 Qe3+ 76. Kd1 Qf2 77. Kc1 Kd3 78. Kb1 Kc3 0-1

[Event "Early-Titled-Tuesday-Blitz-May-14-2024"]
[Site "Chess.com"]
[Date "2024.05.14"]
[Round "8"]
[White "Buzhizhebuguai"]
[Black "Denis_Makhnyov"]
[Result "1-0"]
[WhiteElo "2781"]
[BlackElo "2969"]
[TimeControl "180+1"]
[EndTime "9:31:52 PDT"]
[Termination "Buzhizhebuguai won on time"]

1. d4 d5 2. Bf4 c5 3. e3 Nc6 4. c3 Nf6 5. Nd2 e6 6. Bd3 Bd6 7. Bxd6 Qxd6 8. Ngf3 O-O 9. O-O e5 10. dxe5 Nxe5 11. Nxe5 Qxe5 12. Nf3 Qe7 13. Qa4 Bd7 14. Qf4 Rfe8 15. Rfe1 Bc6 16. Rad1 h6 17. a3 Rad8 18. Bc2 Ne4 19. h3 a5 20. Nd2 Nf6 21. Nf3 b6 22. Ba4 b5 23. Bc2 a4 24. Qh4 Rd6 25. Bf5 g6 26.
Bb1 Kg7 27. Rd2 Re6 28. Red1 Qc7 29. Qf4 Qe7 30. Qh4 Rh8 31. Qg3 Ne4 32. Bxe4 Rxe4 33.
Ne1 h5 34. Nd3 h4 35. Qh2 g5 36. Nc1 Rh6 37. Ne2 Rg6 38. Kf1 f5 39. Qb8 Rge6 40. Rxd5 Bxd5 41. Rxd5 f4 42. Qxb5 fxe3 43. Rd7 exf2 44.
Rxe7+ Rxe7 45. Kxf2 Rf7+ 46. Ke1 Rfe7 47. Kd2 Kh6 48.
Ng1 R7e6 49. Qxc5 R4e5 50. Qf8+ Kg6 51. Nf3 Rd5+ 52. Kc1 Rf5 53. Qg8+ Kf6 54. Qxe6+ Kxe6 55. Nd4+ Ke5 56. Nxf5 Kxf5 57. b4 axb3 58. Kb2 Kf4 59. a4 Kg3 60. a5 Kxg2 61. a6 Kxh3 62. a7 g4 63. a8=Q Kh2 64. Qe4 Kg3 65. Kxb3 h3 66. Qe3+ Kg2 67. Qe2+ Kg3 68. Qf1 h2 69. c4 Kh4 70.
Qg2 g3 71. c5 1-0

[Event "Early-Titled-Tuesday-Blitz-May-14-2024"]
[Site "Chess.com"]
[Date "2024.05.14"]
[Round "8"]
[White "patzer-reloaded"]
[Black "stamatolog13"]
[Result "0-1"]
[WhiteElo "2399"]
[BlackElo "2572"]
[TimeControl "180+1"]
[EndTime "9:31:54 PDT"]
[Termination "stamatolog13 won on time"]

1. d3 d5 2. Nf3 Nf6 3. g3 c6 4. Bg2 Bg4 5. O-O Nbd7 6. c4 e6 7. cxd5 cxd5 8. Qa4 a6 9. Bg5 b5 10. Qxg4 Nxg4 11. Bxd8 Rxd8 12. a4 b4 13. Nbd2 Bd6 14. Nb3 Ke7 15. Rac1 Rc8 16. Nfd4 Nb8 17. e4 dxe4 18.
Bxe4 Nf6 19. Bf3 h5 20. Rfe1 Kd7 21. Bb7 Rxc1 22. Rxc1 g6 23. Nc6 Nxc6 24. Bxc6+ Ke7 25. Bb7 h4 26. Bxa6 hxg3 27. hxg3 Rd8 28. a5 Be5 29.
Rc2 Nd5 30. Bb7 Bb8 31. a6 Nb6 32. Na5 Kd7 33. Nc6 Rh8 34. Nxb4 Bd6 35. Nc6 Bb8 36. b4 Nd5 37. b5 Bd6 38. a7 Nb6 39. d4 Rh5 40. a8=Q Nxa8 41. Bxa8 Rxb5 42. Ne5+ Ke7 43. Nf3 g5 44. Be4 g4 45. Ne5 Bxe5 46. dxe5 Rxe5 47.
Re2 f5 48. Bd3 Rc5 49. Kh2 Kf6 50. Kg2 e5 51. Rc2 Rd5 52. Rc6+ Kg5 53. Bc4 Rd2 54. Bf7 f4 55. Rg6+ Kf5 56. Rg8 f3+ 57. Kg1 Rd1+ 58. Kh2 Rf1 59. Bg6+ Kf6 60. Be4 Rxf2+ 61. Kh1 Rf1+ 62.
Kh2 Re1 63. Rxg4 f2 64. Bg2 f1=Q 65. Bxf1 Rxf1 66. Kg2 Ra1 67. Rb4 Kf5 68. Rb8 e4 0-1

[Event "Early-Titled-Tuesday-Blitz-May-14-2024"]
[Site "Chess.com"]
[Date "2024.05.14"]
[Round "8"]
[White "Byniolus"]
[Black "Lion-Al-Messi"]
[Result "0-1"]
[WhiteElo "2811"]
[BlackElo "2602"]
[TimeControl "180+1"]
[EndTime "9:31:59 PDT"]
[Termination "Lion-Al-Messi won on time"]

1. d4 Nf6 2. Nf3 b6 3. Bf4 Bb7 4. e3 c5 5. c3 e6 6. Nbd2 Be7 7. h3 O-O 8. Bd3 d6 9. O-O Nbd7 10. Qe2 Qc7 11. Bh2 Rac8 12. a4 cxd4 13. exd4 Nd5 14. a5 bxa5 15. Nc4 N7f6 16. Rxa5 Ra8 17. Rfa1 Bc6 18. Nfd2 h6 19. R5a2 Rfb8 20. Ne3 Qb7 21.
Ndc4 Nxe3 22. fxe3 Qd7 23. e4 Bb5 24. e5 dxe5 25. Nxe5 Qb7 26. Bxb5 Qxb5 27. Qxb5 Rxb5 28. Rxa7 Rxa7 29. Rxa7 Bd6 30. Nc4 Bxh2+ 31. Kxh2 Ne4 32. Kg1 h5 33. Kf1 Rf5+ 34. Ke2 Rf2+ 35. Ke3 f5 36. g4 Rh2 37. gxf5 exf5 38. d5 Rxh3+ 39. Kd4 Rh1 40.
Ke5 Rd1 41. Ne3 Re1 42. Nxf5 Nf6+ 43. Kd6 Rg1 44. c4 Rg5 45. Ne7+ Kh7 46. c5 Ne4+ 47. Kc6 h4 48. d6 Rxc5+ 49. Kd7 Rb5 50. Ke6 h3 51. d7 Nc5+ 52. Kd6 Nxd7 53. Kxd7 h2 54. Ra1 Rxb2 55. Ke6 Rf2 56. Nf5 g5 57. Ke5 g4 58.
Ke4 Kg6 59. Ne3 Kg5 60. Rh1 g3 61. Kd3 Kf4 62. Rc1 Kf3 63. Rc7 g2 64. Rf7+ Kg3 65. Rg7+ Kf4 66. Nxg2+ Rxg2 67. Rh7 Kf3 68. Rf7+ Kg3 69.
Rg7+ Kf2 70. Rh7 Kg1 0-1

[Event "Early-Titled-Tuesday-Blitz-May-14-2024"]
[Site "Chess.com"]
[Date "2024.05.14"]
[Round "8"]
[White "Josgar05"]
[Black "ChessSwole"]
[Result "1-0"]
[WhiteElo "2453"]
[BlackElo "2589"]
[TimeControl "180+1"]
[EndTime "9:32:00 PDT"]
[Termination "Josgar05 won by resignation"]

1. Nf3 c5 2. b3 d5 3. Bb2 Nc6 4. e3 Nf6 5. d4 cxd4 6. exd4 Bg4 7. Be2 e6 8. h3 Bh5 9. O-O Bd6 10. Nbd2 O-O 11.
Re1 Rc8 12. a3 Ne7 13. c4 b6 14. Rc1 Bg6 15. Bf1 Nf5 16. Ne5 Qe7 17. b4 dxc4 18. Ndxc4 Bb8 19. Be2 Rfd8 20. Bf3 Nd5 21. Bxd5 Rxd5 22.
Nxb6 axb6 23. Rxc8+ Rd8 24. Nc6 Rxc8 25. Nxe7+ Nxe7 26. g3 Nd5 27. Qf3 h5 28. Rc1 Rd8 29. Rc6 h4 30.
Bc1 hxg3 31. fxg3 Nf6 32. Rc3 Nd5 33. Rb3 Rc8 34. Bd2 b5 35. Qf1 Rc2 36. Be1 Ba7 37.
Bf2 Nc7 38. Rf3 Be4 39. Rf4 Bc6 40. h4 Nd5 41. Rg4 Nf6 42. Rf4 Nd5 43. Rg4 Nc3 44.
Kh2 Ne4 45. Rf4 Bxd4 46. Qd3 Bxf2 47. Qxc2 Bxg3+ 48. Kh3 Bxf4 49. Qxc6 Nd6 50. a4 bxa4 51. b5 a3 52. b6 a2 53. Qa8+ Kh7 54. Qxa2 f5 55. Qc2 Ne4 56. b7 Kg6 57. Qc8 Kf6 58.
Qd8+ Kf7 59. b8=Q Bxb8 60. Qxb8 Kf6 61. Qd8+ Kf7 62. Kg2 Nf6 63. Qd4 Ng4 64. Qf4 Kf6 65.
Qg5+ Kf7 66. h5 Nf6 67. Qg6+ Kf8 68. Kf1 Ng8 69. Qxe6 Nh6 70. Qg6 Ke7 71. Qxg7+ Nf7 72. h6 Ke6 73. h7 f4 74. Qxf7+ Kxf7 75. h8=Q Ke6 76. Qd4 Kf5 77. Kf2 Kg4 78. Kg2 1-0